 Dungeon Crawl Stone Soup version 0.21.1-1-g345015f (webtiles) character file.

3070 inc the Basher (level 9, -4/56 HPs)
             Began as an Octopode Fighter on June 12, 2018.
             Was an Initiate of Gozag.
             Slain by a wyvern (11 damage)
             ... on level 9 of the Dungeon.
             The game lasted 00:16:40 (8360 turns).

inc the Basher (Octopode Fighter)                   Turns: 8360, Time: 00:16:40

Health: -4/56      AC:  1    Str: 18    XL:     9   Next: 88%
Magic:  18/18      EV: 13    Int: 16    God:    Gozag
Gold:   1062       SH: 12    Dex: 16    Spells: 6/8 levels left

rFire    . . .     SeeInvis .   F - +1 whip (elec)
rCold    . . .     Gourm    .   b - +1 shield
rNeg     . . .     Faith    .   (helmet restricted)
rPois    .         Spirit   .   (no amulet)
rElec    .         Reflect  .   w - ring of magical power
rCorr    +         Harm     .   y - +6 ring of intelligence
MR       .....                  N - ring of resist corrosion
Stlth    ++++......             I - +2 ring of slaying
HPRegen  0.18/turn              (no ring)
MPRegen  0.16/turn              (no ring)
                                (no ring)
                                (no ring)

@: gold aura
A: almost no armour, stealthy swim, amphibious, 8 rings, constrict 8, beak,
camouflage 1, agile 1, strong 1, gelatinous body 1, MP-powered wands
a: Potion Petition, Call Merchant, Bribe Branch, Renounce Religion


You were on level 9 of the Dungeon.
You worshipped Gozag.
Gozag was most pleased with you.
You were full.

You visited 2 branches of the dungeon, and saw 10 of its levels.
You also visited: Ossuary.

You collected 1148 gold pieces.
You paid 86 gold pieces to Gozag.

Inventory:

Hand Weapons
 a - a +0 flail
 q - a +0 flail of protection
 x - a +1 flail of crushing
 F - a +1 whip of electrocution (weapon)
Armour
 b - a +1 shield (worn)
Magical Staves
 C - an uncursed staff of poison
Jewellery
 w - a ring of magical power (left tentacle)
 y - a +6 ring of intelligence (right tentacle)
 I - a +2 ring of slaying (on tentacle)
 N - a ring of resist corrosion (on tentacle)
Wands
 o - a wand of polymorph (13)
 A - a wand of paralysis (12)
 D - a wand of enslavement (7)
 G - a wand of random effects (17)
 M - a wand of disintegration (13)
Scrolls
 f - 6 scrolls of remove curse
 h - 2 scrolls of teleportation
 n - 4 scrolls of enchant armour
 r - 3 scrolls of immolation
 B - 3 scrolls of amnesia
 E - a scroll of enchant weapon
 H - a scroll of magic mapping
Potions
 d - a potion of resistance {unknown}
 e - 2 potions of lignification
 g - 2 potions of agility
 i - 7 potions of haste
 j - 2 potions of flight
 k - 2 potions of heal wounds
 l - a potion of magic {unknown}
 m - 3 potions of berserk rage
 p - 5 potions of curing
 s - 3 potions of cancellation
 t - a potion of mutation
 z - 3 potions of brilliance
 O - a potion of might
 Q - a potion of experience {unknown}
Books
 u - a book of Misfortune

   Spells                             Type                      Level
   a - Confusing Touch                Hexes                        1
   b - Confuse                        Hexes                        3
   c - Gell's Gravitas                Translocation                3
   d - Petrify                        Transmutation/Earth          4
   e - Metabolic Englaciation         Hexes/Ice                    5
   f - Yara's Violent Unravelling     Hexes/Transmutation          5
 v - a book of Clouds

   Spells                             Type                      Level
   a - Poisonous Vapours              Poison/Air                   2
   b - Mephitic Cloud                 Conjuration/Poison/Air       3
   c - Conjure Flame                  Conjuration/Fire             3
   d - Freezing Cloud                 Conjuration/Ice/Air          6
   e - Ring of Flames                 Charms/Fire                  7
 K - a book of Cantrips

   Spells                             Type                      Level
   a - Confusing Touch                Hexes                        1
   b - Animate Skeleton               Necromancy                   1
   c - Summon Small Mammal            Summoning                    1
   d - Apportation                    Translocation                1
Comestibles
 c - 10 rations


   Skills:
 - Level 3.0 Fighting
 - Level 9.6 Maces & Flails
 - Level 3.0 Dodging
 - Level 6.3 Stealth
 - Level 7.9 Shields
 + Level 2.7 Air Magic
 + Level 3.3 Poison Magic


You had 6 spell levels left.
You knew the following spells:

 Your Spells              Type           Power        Failure   Level  Hunger
a - Poisonous Vapours     Pois/Air       #.....       26%         2    ###....


Dungeon Overview and Level Annotations

Branches:
Dungeon (9/15)             Temple (1/1) D:6
   Lair: D:8-11         Orc: D:9-12

Altars:
Ashenzari
Cheibriados
Dithmenos
Elyvilon
Fedhas
Gozag
Hepliaklqana
Kikubaaqudgha
Makhleb
Nemelex Xobeh
Okawaru
Qazlal
Ru
Sif Muna
Trog
Uskayaw
Vehumet
Wu Jian
Xom
Yredelemnul
Zin
The Shining One

Shops:
D:4 *   D:6 [

Annotations:
D:2 Sigmund


Innate Abilities, Weirdness & Mutations

You cannot wear most types of armour.
You are very stealthy in the water. (Stealth+)
You are amphibious.
You can wear up to eight rings at the same time.
You can use your tentacles to constrict eight enemies at once.
Your skin changes colour to match your surroundings (Stealth+).
Your rubbery body absorbs attacks. (AC +1, EV +1)
You have a beak for a mouth.
You are agile. (Dex +2)
Your muscles are strong. (Str +2)
You expend magic power (3 MP) to strengthen your wands.


Message History

A komodo dragon comes into view.
A komodo dragon is nearby!
A worker ant comes into view.
The helpless komodo dragon fails to defend itself.
You whack the komodo dragon! You squeeze the komodo dragon.
The komodo dragon is lightly wounded.
The komodo dragon bites you!!
You hit the komodo dragon but do no damage.
Lightning courses through the komodo dragon!
You peck the komodo dragon, but do no damage.
The komodo dragon is moderately wounded.
The komodo dragon bites you!!
Ouch! That really hurt!
* * * LOW HITPOINT WARNING * * *
The worker ant twitches its antennae in your direction.
A wyvern comes into view.
The worker ant is distracted by your gold.
The wyvern bites you!
You die...
Your body crumbles into a pile of gold.

#.# #.# #.# #.# ##.# ...#
#### ##### ## #####.#.##.#
###...@ll...# #######
#.....###......a.#
.##...#####..###.####..a.....
.....###...### ### ##.#.....
#####...#### ###..#. #####
##.# # ###


You could see a komodo dragon, a wyvern and a worker ant (wandering).

Vanquished Creatures
  Pikel (D:6)
  Prince Ribbit (D:6)
  Menkaure (D:6)
  An ice beast (D:6)
  A black bear (D:7)
  An orc warrior (D:8)
  4 slaves (D:6)
  A phantom (D:7)
  The ghost of Iko the Vexing, an amateur GnAM (D:3)
  An ogre (D:6)
  3 centaurs
  A crocodile (D:9)
  Blork the orc (D:5)
  A wyvern zombie (D:6)
  5 killer bees (D:8)
  A howler monkey (D:2)
  A crimson imp (D:5)
  A quasit (D:8)
  6 hounds
  3 orc priests
  4 orc wizards
  A gnoll shaman (D:6)
  Jessica (D:2)
  2 iguanas
  5 worker ants
  Terence (D:2)
  3 mummies (Ossuary)
  A hound skeleton (D:2)
  A howler monkey zombie (D:6)
  Robin (D:4)
  6 gnolls
  A howler monkey skeleton (D:8)
  9 adders
  A shadow imp (D:5)
  2 adder zombies (Ossuary)
  6 worms
  2 dart slugs
  3 leopard geckos (D:3)
  20 orcs
  15 bats
  6 giant cockroaches
  12 goblins
  6 hobgoblins
  7 kobolds
  5 quokkas
  3 ball pythons
  5 frilled lizards
  A gnoll zombie (Ossuary)
  6 goblin zombies
  4 hobgoblin zombies (Ossuary)
  A kobold zombie (Ossuary)
  4 quokka zombies
  7 rats
  3 rat zombies
  A butterfly (D:8)
192 creatures vanquished.

Notes
Turn   | Place    | Note
-------+----------+-------------------------------------------
     0 | D:1      | inc the Octopode Fighter began the quest for the Orb.
     0 | D:1      | Reached XP level 1. HP: 16/16 MP: 1/1
   104 | D:1      | Reached XP level 2. HP: 21/21 MP: 2/2
   627 | D:2      | Reached XP level 3. HP: 23/26 MP: 3/3
   724 | D:2      | Reached skill level 3 in Maces & Flails
   724 | D:2      | Reached XP level 4. HP: 18/31 MP: 4/4
  1143 | D:2      | Noticed Terence
  1149 | D:2      | Killed Terence
  1322 | D:2      | Noticed Sigmund
  1481 | D:3      | Reached XP level 5. HP: 32/36 MP: 5/5
  1565 | D:3      | Reached skill level 4 in Maces & Flails
  2106 | D:3      | Noticed Iko's ghost (amateur GnAM)
  2116 | D:3      | Killed Iko's ghost
  2116 | D:3      | Reached skill level 5 in Shields
  2116 | D:3      | Reached XP level 6. HP: 42/42 MP: 6/6
  2645 | D:2      | Found a sparkling altar of Nemelex Xobeh.
  2645 | D:2      | Noticed Jessica
  2649 | D:2      | Killed Jessica
  2723 | D:2      | Reached skill level 5 in Maces & Flails
  2880 | D:4      | Found Gyx Yss's Assorted Antiques.
  2934 | D:4      | Gained mutation: Your muscles are strong. (Str +2) [potion of mutation]
  2934 | D:4      | Gained mutation: You expend magic power (3 MP) to strengthen your wands. [potion of mutation]
  2934 | D:4      | Gained mutation: You have a beak for a mouth. [potion of mutation]
  2934 | D:4      | Gained mutation: You are agile. (Dex +2) [potion of mutation]
  2940 | D:5      | Entered Level 5 of the Dungeon
  2985 | D:5      | Reached XP level 7. HP: 33/46 MP: 7/7
  3039 | D:6      | Found a basalt altar of Yredelemnul.
  3064 | D:6      | Noticed Menkaure
  3143 | D:5      | Noticed Blork the orc
  3189 | D:5      | Reached skill level 6 in Maces & Flails
  3287 | D:6      | Found a hide-covered altar of Uskayaw.
  3299 | D:6      | Found a staircase to the Ecumenical Temple.
  3308 | Temple   | Entered the Ecumenical Temple
  3314 | Temple   | Became a worshipper of Gozag Ym Sagoz the Greedy
  3835 | D:4      | Noticed Robin
  3851 | D:4      | Killed Robin
  4157 | D:5      | Killed Blork the orc
  4157 | D:5      | Reached skill level 7 in Maces & Flails
  4157 | D:5      | Reached XP level 8. HP: 39/52 MP: 8/8
  4482 | D:6      | Noticed Pikel
  4955 | D:6      | Found Kimicwu's Armour Boutique.
  4966 | D:6      | Noticed Prince Ribbit
  5073 | D:6      | Killed Prince Ribbit
  5073 | D:6      | Reached skill level 8 in Maces & Flails
  5608 | D:6      | Killed Menkaure
  5660 | D:6      | Killed Pikel
  5660 | D:6      | Reached skill level 9 in Maces & Flails
  5660 | D:6      | Reached XP level 9. HP: 51/56 MP: 9/9
  6862 | D:8      | Noticed a two-headed ogre
  7067 | D:8      | Reached skill level 5 in Stealth
  7075 | D:8      | Found a shimmering altar of Xom.
  7212 | D:8      | Found a sand-covered staircase.
  7240 | Ossuary  | Entered an ossuary
  7599 | D:9      | Noticed a cyclops
  7631 | D:8      | Learned a level 2 spell: Poisonous Vapours
  7727 | D:8      | Reached skill level 1 in Air Magic
  7727 | D:8      | Reached skill level 1 in Poison Magic
  8084 | D:8      | Found an ancient bone altar of Kikubaaqudgha.
  8084 | D:8      | Found a stormy altar of Qazlal.
  8348 | D:9      | Noticed a komodo dragon
  8360 | D:9      | Slain by a wyvern

Skill      XL: |  1  2  3  4  5  6  7  8  9 |
---------------+----------------------------+-----
Maces & Flails | 3 4 5 7 9 |  9.6
Shields        | 4 5 6 7 |  7.9
Stealth        | 6 |  6.3
Air Magic      | 2 |  2.7
Poison Magic   | 3 |  3.3
Fighting       | |  3.0
Dodging        | |  3.0

Action                   |  1- 3 |  4- 6 |  7- 9 || total
-------------------------+-------+-------+-------++-------
Melee: Flail             |    47 |   114 |   159 ||   320
       Constrict         |    16 |    27 |    77 ||   120
       Tentacles         |     8 |    25 |    75 ||   108
       Unarmed           |       |     1 |       ||     1
       Peck              |       |     3 |    88 ||    91
       Whip              |       |       |   107 ||   107
  Use: Potion            |       |     2 |     1 ||     3
       Scroll            |       |     7 |    14 ||    21
 Stab: Sleeping          |     5 |    11 |    13 ||    29
       Distracted        |       |       |     1 ||     1
  Eat: Chunk             |       |     6 |     2 ||     8
       Ration            |       |       |     6 ||     6
Armor: Skin              |     5 |    10 |    22 ||    37
Dodge: Dodged            |    20 |    31 |    70 ||   121
Block: Shield            |    22 |    47 |   102 ||   171
